Map: Incorporeal LE

Players

IIIIIIIIIIII - Winner!

  • Race: Terran Terran
  • League: Master
  • Spawn Location: 11:00

Tee

  • Race: Terran Terran
  • League: Master
  • Spawn Location: 5:00

VOD

Have the link to the VOD?

Description

Time

  • Played on: Oct. 17, 2025, 11:49 a.m.
  • Length: 8:58
Show
View Real Time Build Order
Export as new Build Order

IIIIIIIIIIII Terran - Winner!

Build Orders: Reaper Expand 

Get SALT Encoding   

  12  0:00  SCV  
  13  0:12  SCV  
  14  0:17  Supply Depot  
  14  0:24  SCV  
  15  0:38  SCV  
  15  0:40  Barracks  
  16  0:43  Refinery  
  16  0:51  SCV  
  17  1:03  SCV  
  18  1:15  SCV  
  19  1:28  Reaper, Orbital Command  
  20  1:38  Command Center  
  20  1:45  Supply Depot  
  20  1:53  SCV  
  21  1:59  Marine  
  22  2:05  SCV  
  22  2:06  Factory  
  23  2:12  Refinery  
  23  2:17  Bunker  
  23  2:18  SCV  
  23  2:21  Marine  
  25  2:30  SCV  
  26  2:40  Barracks Reactor  
  26  2:42  SCV  
  27  2:51  Orbital Command  
  27  2:52  Factory Tech Lab  
  27  2:55  SCV  
  27  2:56  Starport  
  28  3:04  Refinery  
  28  3:07  SCV  
  28  3:11  Cyclone  
  32  3:17  Marine, SCV  
  32  3:18  Marine  
  32  3:19  SCV  
  36  3:29  SCV  
  36  3:33  Medivac  
  39  3:34  SCV  
  39  3:36  Supply Depot, Marine  
  39  3:41  SCV  
  39  3:53  Marine  
  39  3:54  Marine, Cyclone  
  44  4:00  SCV  
  44  4:06  Starport Tech Lab  
  43  4:10  Marine, SCV  
  43  4:13  Marine  
  46  4:17  SCV  
  46  4:18  Supply Depot  
  46  4:22  SCV  
  48  4:27  Raven  
  48  4:28  Siege Tank, Marine  
  54  4:33  Supply Depot  
  54  4:36  Interference Matrix  
  54  4:39  SCV x2  
  56  4:51  SCV x2  
  58  4:54  Command Center  
  58  4:58  Supply Depot  
  58  5:04  SCV  
  58  5:05  SCV  
  58  5:06  Raven  
  62  5:07  Siege Tank  
  62  5:12  Marine x2  
  62  5:21  SCV x2  
  62  5:28  Supply Depot  
  64  5:33  SCV  
  64  5:34  SCV  
  68  5:41  Siege Tank  
  69  5:47  SCV x2  
  69  5:48  Starport Reactor  
  69  5:49  Stimpack, Engineering Bay  
  71  5:50  Barracks  
  71  5:52  Engineering Bay  
  71  5:53  Barracks  
  71  5:59  SCV  
  71  6:00  SCV  
  73  6:04  Refinery, Supply Depot  
  73  6:08  Orbital Command  
  73  6:11  Marine, SCV  
  73  6:12  SCV  
  73  6:13  Siege Tank  
  73  6:17  Terran Infantry Weapons Level 1  
  79  6:23  SCV  
  79  6:24  SCV  
  81  6:30  Terran Infantry Armor Level 1  
  81  6:35  Orbital Command, SCV  
  81  6:36  Supply Depot, Marine, SCV  
  81  6:37  Supply Depot, Starport Reactor  
  84  6:41  Barracks x2, Marine x2  
  86  6:47  Marine x2, SCV  
  86  6:48  SCV  
  86  6:53  Siege Tank, Marine  
  94  6:59  Marine  
  95  7:01  SCV  
  95  7:02  SCV  
  95  7:03  SCV  
  95  7:04  Marine  
  95  7:05  Marine  
  100  7:14  Marine x2, SCV x2  
  100  7:15  Medivac, SCV  
  107  7:17  Medivac  
  107  7:21  Supply Depot  
  107  7:22  Marine x2  
  110  7:25  Supply Depot  
  110  7:26  SCV x2  
  110  7:28  Siege Tank, Marine  
  110  7:29  Combat Shield  
  116  7:30  Marine  
  116  7:32  SCV  
  116  7:34  Marine  
  116  7:38  SCV x2  
  116  7:41  Marine  
  116  7:42  Marine x2  
  116  7:43  Marine  
  114  7:46  Marine  
  117  7:55  Refinery  
  117  7:56  Marine, Medivac x2  
  119  8:05  Siege Tank, Barracks Reactor  
  122  8:06  Marine, Armory, Barracks Reactor  
  122  8:07  Marine x2  
  124  8:14  Marine x2  
  124  8:17  Supply Depot  
  124  8:18  Supply Depot  
  126  8:24  Marine x3  
  126  8:26  SCV x2  
  126  8:27  Command Center  
  131  8:32  Marine x2  
  129  8:46  Barracks  
  129  8:48  Barracks x2  
Show
View Real Time Build Order
Export as new Build Order

Tee Terran 

Build Orders:  

Get SALT Encoding   

  12  0:00  SCV  
  13  0:13  SCV  
  14  0:17  Supply Depot  
  14  0:25  SCV  
  15  0:40  Barracks  
  15  0:41  SCV  
  16  0:43  Refinery  
  16  0:53  SCV  
  16  0:55  Refinery  
  17  1:06  SCV  
  18  1:19  SCV  
  19  1:29  Reaper  
  19  1:31  Orbital Command  
  20  1:33  Supply Depot  
  20  1:44  Factory  
  20  1:57  SCV  
  22  2:01  Reaper  
  22  2:09  SCV  
  23  2:20  Command Center  
  23  2:22  SCV  
  24  2:28  Hellion  
  26  2:34  Reaper  
  26  2:36  SCV  
  28  2:39  Supply Depot  
  28  2:48  SCV  
  28  2:50  Hellion  
  31  2:56  Starport  
  31  3:02  SCV  
  32  3:08  Barracks Reactor  
  32  3:12  Factory Tech Lab  
  32  3:14  Refinery  
  32  3:15  SCV  
  33  3:30  SCV  
  33  3:31  Cyclone  
  37  3:36  Starport Tech Lab  
  38  3:46  Marine x2  
  39  3:50  SCV  
  37  3:59  Raven  
  37  4:00  SCV  
  35  4:03  Marine x2, SCV  
  35  4:06  Interference Matrix  
  38  4:12  Cyclone  
  38  4:13  Orbital Command  
  38  4:15  SCV  
  42  4:23  Marine x2  
  44  4:29  SCV  
  45  4:34  Raven, Supply Depot  
  47  4:41  Marine x2, SCV  
  47  4:43  SCV  
  51  4:48  Siege Tank  
  54  4:55  SCV x2  
  54  4:56  Supply Depot  
  54  5:08  SCV x2  
  54  5:13  Marine  
  55  5:20  SCV x2  
  51  5:22  Marine  
  51  5:23  Raven, Siege Tank  
  57  5:30  Marine  
  57  5:32  SCV x2  
  60  5:37  Command Center  
  60  5:43  Marine  
  60  5:44  SCV x2  
  63  5:53  Supply Depot  
  63  5:55  Siege Tank  
  63  5:56  SCV x2  
  69  6:05  Supply Depot  
  69  6:07  Raven  
  70  6:14  Marine x2, SCV x2  
  74  6:18  Supply Depot  
  74  6:26  SCV  
  74  6:31  Barracks, SCV  
  74  6:32  Barracks, Siege Tank  
  79  6:38  SCV  
  79  6:39  Engineering Bay  
  80  6:41  Refinery, Engineering Bay  
  80  6:46  SCV  
  81  6:51  SCV  
  82  6:54  Marine  
  82  6:55  Viking  
  82  6:56  Orbital Command, Viking  
  82  6:58  SCV  
  82  6:59  Stimpack  
  87  7:03  SCV  
  88  7:10  SCV  
  88  7:12  Marine  
  90  7:21  Barracks Reactor x2  
  90  7:23  SCV  
  90  7:24  SCV  
  92  7:30  Orbital Command  
  92  7:36  Marine  
  69  7:53  Siege Tank, Marine, Viking x2  
  69  7:54  SCV x2  
  79  7:58  SCV  
  79  8:01  Marine x3  
  79  8:02  Marine  
  84  8:06  Barracks, SCV x2  
  84  8:09  Barracks  
  84  8:10  SCV  
  84  8:11  Marine  
  88  8:18  Supply Depot, Armory, SCV  
  88  8:19  Marine x2, SCV  
  90  8:23  SCV  
  88  8:30  SCV  
  79  8:35  Marine x3  
  79  8:37  Marine x2  
Tags
 
Matchup
TvT
Race
Terran
Spawn Locations
Cross Positions
Add a new tag
Caveats
  • Supply blocks, unpowered buildings, or Contaminate may cause inaccurate times.
  • Supply counts are checked every 10 seconds.